 Dungeon Sprint DCSS version 0.31-a0-18-gea43df2a32 (webtiles) character file.

Game seed: 13519462396201937235

612 bmack86 the Cleaver (level 7, 0/50 (74) HPs)
             Began as a Minotaur Berserker on May 10, 2023.
             Was a Believer of Trog.
             Slain by Sonja
             ... wielding a +1 short sword of draining
              (8 damage)
             ... in the Dungeon (Sprint I: "Red Sonja").
             The game lasted 00:03:35 (295 turns).

bmack86 the Cleaver (Minotaur Berserker)             Turns: 295, Time: 00:03:36

HP:   0/50 (74)     AC:  3    Str: 23    XL:     7   Next: 20%
MP:   6/6           EV: 12    Int:  4    God:    Trog [**....]
Gold: 418           SH:  0    Dex: 10    Spells: 6/6 levels left

rFire   + . .        a - +0 hand axe
rCold   + . .        (no shield)
rNeg    . . .        k - +0 leather armour
rPois   +            (helmet restricted)
rElec   +            (no cloak)
rCorr   +            (no gloves)
SInv    .            (no boots)
Will    .....        (no amulet)
Stlth   +            (no ring)
HPRegen 0.28/turn    (no ring)
MPRegen 0.10/turn

%: no teleportation
@: resistant, on berserk cooldown, slowed, very heavily drained, very slow
A: horns 2, retaliatory headbutt
a: Renounce Religion, Berserk, Trog's Hand


You were in the Dungeon.
You worshipped Trog.
Trog was pleased with you.
You visited 1 branch You collected 418 gold pieces.

Inventory:

Hand Weapons
 a - a +0 hand axe (weapon)
 j - a +5 club
Armour
 b - a +0 animal skin
 k - a +0 leather armour (worn)
Wands
 i - a wand of charming (9) (quivered)
Scrolls
 h - a scroll of blinking
Potions
 c - a potion of curing
 d - a potion of heal wounds
 e - a potion of haste
 f - 2 potions of magic
 g - a potion of berserk rage


   Skills:
 + Level 11.4 Fighting
 + Level 11.5 Axes
 - Level 3.2 Armour
 - Level 2.9 Dodging
 + Level 7.6 Evocations


You had 6 spell levels left.
You didn't know any spells.
Your spell library was empty.

Dungeon Overview and Level Annotations

Branches:
Dungeon (1/1)

Altars:
Cheibriados
Dithmenos
Elyvilon
Fedhas
Gozag
Hepliaklqana
Kikubaaqudgha
Makhleb
Nemelex Xobeh
Okawaru
Qazlal
Ru
Sif Muna
Trog
Uskayaw
Vehumet
Wu Jian
Xom
Yredelemnul
Zin
The Shining One
Jiyva
Lugonu

Shops:
D [

Annotations:
D Sonja


Innate Abilities, Weirdness & Mutations

You have a pair of horns on your head.
You reflexively headbutt those who attack you in melee.


Message History

Sonja hits you with a +1 short sword of draining.
You feel drained.
Sonja hits you with a +1 short sword of draining!
You feel drained.
You barely miss Sonja. Your headbutt misses Sonja.
Sonja is lightly wounded.
Sonja hits you with a +1 short sword of draining.
You feel drained.
Sonja hits you with a +1 short sword of draining.
You feel drained.
Sonja hits you with a +1 short sword of draining.
You feel drained.
Sonja casts a spell.
Sonja blinks!
Sonja hits you but does no damage.
You feel drained. Sonja barely misses you. x2
There is an open door here.
Sonja hits you with a +1 short sword of draining.
You feel drained.
Sonja hits you with a +1 short sword of draining.
You feel drained. Sonja closely misses you. Sonja hits you but does no damage.
You feel drained.
Sonja hits you with a +1 short sword of draining!
* * * LOW HITPOINT WARNING * * *
You feel drained.
* * * LOW HITPOINT WARNING * * *
Sonja hits you with a +1 short sword of draining.
* * * LOW HITPOINT WARNING * * *
You feel drained.
* * * LOW HITPOINT WARNING * * *
You hit Sonja. Your headbutt misses Sonja.
Sonja is lightly wounded.
Sonja barely misses you. Sonja closely misses you. Sonja barely misses you.
Sonja casts a spell.
Sonja blinks!
Sonja throws a curare-tipped dart.
The curare-tipped dart closely misses you.
Sonja says, "If only old Madame Brzewit could see me now!"
There is a radiant altar of Vehumet, spattered with blood here.
Sonja hits you with a +1 short sword of draining!
You die...

######################
#<.#..)..#..'..#__#..+
#..†..#..').#..'..'..#
#..#####'#####'#__####
#..####..#...#.####
#..#__####..##.#
#..#_____##K#_.+
#⌠⌠#_.∩...'@.._#
####_..__##_.#'#
#_____###'#.#
#########.### +$.$+
#$.$# ##.## #+#


You could see Sonja.

Vanquished Creatures
  Sigmund (D)
  A slime creature (D)
  A yak (D)
  An ogre (D)
  A jelly (D)
  Ijyb (D)
6 creatures vanquished.

Notes
Turn   | Place    | Note
-------+----------+-------------------------------------------
     0 | D        | bmack86 the Minotaur Berserker began the quest for the Orb.
     0 | D        | Reached XP level 1. HP: 19/19 MP: 0/0
     2 | D        | Noticed Ijyb
    11 | D        | Killed Ijyb
    12 | D        | Reached skill level 5 in Fighting
    12 | D        | Reached skill level 5 in Axes
    12 | D        | Reached XP level 2. HP: 21/29 MP: 1/1
    29 | D        | Noticed an ogre
    32 | D        | Killed an ogre
    33 | D        | Reached XP level 3. HP: 39/39 MP: 2/2
    33 | D        | Reached XP level 4. HP: 47/47 MP: 3/3
    86 | D        | Noticed Sigmund
    90 | D        | Killed Sigmund
    90 | D        | Reached ** piety under Trog
    91 | D        | Reached skill level 5 in Evocations
    91 | D        | Reached XP level 5. HP: 57/57 MP: 4/4
    91 | D        | Reached XP level 6. HP: 64/64 MP: 5/5
   105 | D        | Found an ornate altar of the Wu Jian Council.
   105 | D        | Found a shimmering blue altar of Sif Muna.
   107 | D        | Found a radiant altar of Vehumet.
   152 | D        | Found a burning altar of Makhleb.
   152 | D        | Found a viscous altar of Jiyva.
   152 | D        | Found a shimmering altar of Xom.
   152 | D        | Found a corrupted altar of Lugonu.
   152 | D        | Noticed a slime creature
   158 | D        | Killed a slime creature
   159 | D        | Reached skill level 10 in Fighting
   159 | D        | Reached skill level 10 in Axes
   198 | D        | Found Reoru's Armour Emporium.
   198 | D        | Found an ancient bone altar of Kikubaaqudgha.
   198 | D        | Found a hazy altar of Hepliaklqana.
   198 | D        | Found a stormy altar of Qazlal.
   198 | D        | Found a hide-covered altar of Uskayaw.
   198 | D        | Found a blossoming altar of Fedhas.
   198 | D        | Found a bloodstained altar of Trog.
   198 | D        | Found an iron altar of Okawaru.
   198 | D        | Found a basalt altar of Yredelemnul.
   198 | D        | Found a glowing golden altar of the Shining One.
   198 | D        | Found a snail-covered altar of Cheibriados.
   198 | D        | Found a sacrificial altar of Ru.
   198 | D        | Found a glowing silver altar of Zin.
   198 | D        | Found a shadowy altar of Dithmenos.
   198 | D        | Found a white marble altar of Elyvilon.
   198 | D        | Noticed a yak
   207 | D        | Killed a yak
   208 | D        | Reached XP level 7. HP: 74/74 MP: 6/6
   208 | D        | Found an opulent altar of Gozag.
   209 | D        | Found a sparkling altar of Nemelex Xobeh.
   277 | D        | Noticed Sonja
   295 | D        | Slain by Sonja

Illustrated notes

Levels and vault maps discovered:
D:        dungeon_sprint_1 [red_sonja_temple_1, red_sonja_temple_small_1]

Skill      XL: |  1  2  3  4  5  6 |
---------------+-------------------+-----
Fighting       | 5 7 9 11 | 11.4
Axes           | 5 7 9 11 | 11.5
Armour         | 3 |  3.2
Evocations     | 3 5 7 |  7.6
Dodging        | |  2.9

Action                     |  1- 3 |  4- 6 |  7- 9 || total
---------------------------+-------+-------+-------++-------
  Melee: Hand axe          |     7 |    19 |     3 ||    29
         Headbutt          |     2 |     4 |       ||     6
 Invoke: Berserk           |     1 |     3 |     1 ||     5
    Use: Scroll            |       |       |     1 ||     1
         Potion            |       |       |     1 ||     1
 Armour: Leather armour    |       |     3 |     2 ||     5
  Dodge: Dodged            |     3 |     5 |     9 ||    17

Table legend: (Time is in decaauts)
 A = Elapsed time spent in this place.
 B = Non-inter-level travel time spent in this place.
 C = Inter-level travel time spent in this place.
 D = Time resting spent in this place.
 E = Time spent auto-exploring this place.
 F = Levels seen in this place.
 G = Mean time per level.
                   A        B        C        D        E       F      G
               +--------+--------+--------+--------+--------+-----+--------+
         Total |    332 |    332 |      0 |     97 |      0 |   1 |  332.0 |
       Dungeon |    332 |    332 |      0 |     97 |      0 |   1 |  332.0 |
               +--------+--------+--------+--------+--------+-----+--------+

Top non-repeatable levels by time:
       D: 332 daAuts
